 Dungeon Crawl Stone Soup version 0.29.1-1-gd02db6906a (webtiles) character file.

Game seed: 4716115350126402594

186 MisterFreud the Twirler (level 5, -1/39 HPs)
             Began as a Formicid Gladiator on Sept 29, 2022.
             Was an Initiate of Yredelemnul.
             Slain by a meliai (shapeshifter)
             ... wielding a +0 club
              (8 damage)
             ... on level 4 of the Dungeon.
             The game lasted 00:03:07 (3531 turns).

MisterFreud the Twirler (Formicid Gladiator)        Turns: 3531, Time: 00:03:07

Health: -1/39      AC:  4    Str: 21    XL:     5   Next: 98%
Magic:  5/5        EV: 12    Int:  7    God:    Yredelemnul [......]
Gold:   123        SH:  0    Dex: 15    Spells: 4/4 levels left

rFire   . . .      SeeInvis +   a - +0 quarterstaff (chaos)
rCold   . . .      Faith    .   (no shield)
rNeg    . . .      Spirit   .   b - +1 leather armour
rPois   .          Reflect  .   (helmet unavailable)
rElec   .          Harm     .   (no cloak)
rCorr   .          Rampage  .   (no gloves)
Will    .....                   (no boots)
Stlth   +.........              (no amulet)
HPRegen 0.13/turn               (no ring)
MPRegen 0.09/turn               (no ring)

@: lethally poisoned (-1 -> -24)
A: permanent stasis, dig shafts and tunnels, antennae 3, four strong arms
a: Dig, Shaft Self, Renounce Religion, Recall Undead Harvest


You were on level 4 of the Dungeon.
You worshipped Yredelemnul.
Yredelemnul was noncommittal.
You visited 2 branches of the dungeon, and saw 5 of its levels.

You collected 123 gold pieces.

Inventory:

Hand Weapons
 a - a +0 quarterstaff of chaos (weapon)
Missiles
 c - 3 throwing nets (quivered)
 d - a javelin
 f - 9 poisoned darts
Armour
 b - a +1 leather armour (worn)
 g - a scarf of invisibility
Wands
 j - a wand of digging (6)
 o - a wand of flame (16)
Potions
 e - 2 potions of might
 h - a potion of curing {unknown}
 i - 2 potions of heal wounds {unknown}
 l - a potion of resistance {unknown}
 m - 2 potions of haste {unknown}


   Skills:
 + Level 2.4 Fighting
 - Level 6.0 Staves
 - Level 2.0 Throwing
 + Level 0.8 Armour
 - Level 2.6 Dodging


You had 4 spell levels left.
You didn't know any spells.
Your spell library contained the following spells:

 Spells                   Type           Power      Damage    Failure   Level
 Tukima's Dance           Hex            0%         N/A       85%         3
 Passage of Golubria      Tloc           0%         N/A       99%         4
 Yara's Violent Unravell  Hex/Tmut       0%         3d3       100%        5


Dungeon Overview and Level Annotations

Branches:
Dungeon (4/15)             Temple (1/1) D:4

Altars:
Ashenzari
Cheibriados
Dithmenos
Elyvilon
Fedhas
Hepliaklqana
Kikubaaqudgha
Makhleb
Nemelex Xobeh
Okawaru
Sif Muna
Trog
Uskayaw
Vehumet
Wu Jian
Xom
Yredelemnul
Zin
The Shining One


Innate Abilities, Weirdness & Mutations

You cannot be hasted, slowed, berserked, paralysed or teleported.
You can dig through walls and to a lower floor.
You have a pair of large antennae on your head. (SInv)
Your four strong arms can wield two-handed weapons with a shield.


Message History

The ball python closely misses you. x2
The goblin shouts!
You hit the ball python.
You kill the ball python!
The dead are slithering!
A goblin is nearby!
The goblin misses you.
You hit the goblin but do no damage.
The goblin changes into a shapeshifter!
The shapeshifter changes into a meliai!
Your ball python zombie misses the meliai.
Your ball python zombie grabs the meliai.
Your ball python zombie constricts the meliai.
A meliai is nearby!
You hit the meliai. You burn the meliai.
The meliai is moderately wounded.
The meliai picks up a +0 club.
The meliai wields a +0 club.
Your ball python zombie bites the meliai.
Your ball python zombie constricts the meliai.
A meliai is nearby!
A meliai is nearby!
You barely miss the meliai.
The meliai is moderately wounded.
The meliai hits you with a +0 club! The meliai barely misses you.
Your ball python zombie bites the meliai.
Your ball python zombie constricts the meliai.
You hit the meliai.
The meliai is moderately wounded.
The meliai hits you with a +0 club.
The meliai stings you but does no damage.
The meliai hits you with a +0 club. The meliai closely misses you.
Your ball python zombie bites the meliai.
Your ball python zombie constricts the meliai.
You hit the meliai but do no damage.
The meliai is heavily wounded.
The meliai hits you with a +0 club! The meliai stings you.
* * * LOW HITPOINT WARNING * * *
You are lethally poisoned!
The meliai poisons you! The meliai barely misses you. The meliai stings you!
You die...
Your body rises from the dead as a mindless zombie.

....##......#
...##.....### #..
.###......######.#
##
#.........#.#.##
#..##..........#
##.##.....###.##
##...........##
##...##.#....#
######....@y#
#....Z...#
.....#....###
...###....# #...
...... ###
........
#.........
#..........


You could see a meliai shaped shifter (ally target) and a friendly ball python
zombie.

Vanquished Creatures
  An orc priest (D:4)
  An orc wizard (D:3)
  3 adders
  An ufetubus (D:4)
  2 worms
  A dart slug (D:2)
  9 orcs
  9 endoplasms
  A giant cockroach (D:1)
  7 goblins
  5 hobgoblins
  11 jackals (D:2)
  6 kobolds
  4 quokkas
  5 ball pythons
  4 bats
  2 frilled lizards
  6 rats
78 creatures vanquished.

Vanquished Creatures (others)
  5 plants (D:3)
5 creatures vanquished.

Grand Total: 83 creatures vanquished

Notes
Turn   | Place    | Note
-------+----------+-------------------------------------------
     0 | D:1      | MisterFreud the Formicid Gladiator began the quest for the
                  | Orb.
     0 | D:1      | Reached XP level 1. HP: 16/16 MP: 1/1
    91 | D:1      | Reached XP level 2. HP: 22/22 MP: 2/2
   842 | D:2      | Noticed an eye of devastation
   851 | D:2      | Reached skill level 4 in Staves
   851 | D:2      | Reached XP level 3. HP: 23/27 MP: 3/3
   910 | D:2      | Noticed an eye of devastation
   913 | D:2      | Noticed a shining eye
   915 | D:2      | Found a faded altar of an unknown god.
   923 | D:2      | Noticed an eye of devastation
  1231 | D:2      | Reached XP level 4. HP: 33/33 MP: 4/4
  1800 | D:2      | Reached skill level 5 in Staves
  2156 | D:3      | Found a hazy altar of Hepliaklqana.
  2350 | D:3      | Reached XP level 5. HP: 33/38 MP: 5/5
  3105 | D:4      | Found a staircase to the Ecumenical Temple.
  3128 | D:4      | Reached skill level 6 in Staves
  3144 | Temple   | Entered the Ecumenical Temple
  3153 | Temple   | Became a worshipper of Yredelemnul the Dark
  3527 | D:4      | Noticed a shapeshifter
  3527 | D:4      | a goblin changed into a shapeshifter
  3527 | D:4      | Noticed a meliai
  3527 | D:4      | a shapeshifter changed into a meliai
  3531 | D:4      | Slain by a meliai (shapeshifter)

Illustrated notes

Levels and vault maps discovered:
D:1:      tarquinn_simple_flora_water_f, layout_basic, st_stairs_13,
          minmay_door_square
D:2:      layout_loops_cross, hellmonk_ecumenical_altar_watching_god,
          minmay_crystal_room, grunt_ministairs_4, glass_columns_a,
          chequers_serial_rivers_micro_c
D:3:      layout_loops_ring, nicolae_hepliaklqana_hazy_memory,
          grunt_ministairs_7
D:4:      layout_cave_pools, minmay_temple_entry_tees, gammafunk_ghost_grave,
          minmay_goblin_outpost
Temple:   nicolae_temple_no_exploring_needed

Skill      XL: |  1  2  3  4  5 |
---------------+----------------+-----
Staves         | 4 5 6 |  6.0
Fighting       | |  2.4
Throwing       | |  2.0
Armour         | |  0.8
Dodging        | |  2.6

Action                   |  1- 3 |  4- 6 || total
-------------------------+-------+-------++-------
Melee: Quarterstaff      |   100 |   128 ||   228
       Punch             |     1 |       ||     1
  Use: Scroll            |     1 |     7 ||     8
 Stab: Sleeping          |       |     3 ||     3
Armor: Leather armour    |    32 |    37 ||    69
Dodge: Dodged            |    63 |    94 ||   157
